 Dungeon Crawl Stone Soup version 0.31-a0-1082-g7d1fb776a8 (webtiles) character file.

Game seed: 9325963515763998197

19565 Flugslaktarn the Mimic (level 12, -5/79 HPs)
             Began as an Octopode Shapeshifter on Nov 28, 2023.
             Was a Believer of Ashenzari.
             Slain by a torpor snail (44 damage)
             ... on level 1 of the Lair of Beasts.
             The game lasted 00:11:03 (15801 turns).

Flugslaktarn the Mimic (Octopode Shapeshifter)     Turns: 15801, Time: 00:11:04

Health: -5/79      AC:  5    Str: 14    XL:     12   Next: 70%
Magic:  12/12      EV:  2    Int: 13    God:    Ashenzari [**....]
Gold:   732        SH:  0    Dex: 21    Spells: 11/11 levels left

rFire   . .          .
                       - Unarmed
rCold   x . .        h - +3 buckler "Overhang to Understand" {Fort, Cun} (curse)
rNeg    + . .        (helmet currently unavailable)
rPois   +            y - amulet of the acrobat
rElec   +            o - ring of the Gnostic Seeker {rPois, Dev, Fort} (curse)
rCorr   .            p - ring "All-seeing Seeker" {AC+4, Bglg, Cun} (curse)
SInv    +            J - ring "Lashed Repose" {rN+, Elem, Fort} (curse)
Will    .....        z - +6 ring of dexterity
Stlth   ++++         r - ring of the Magpie {Fly rElec Stlth+}
HPRegen 0.33/turn    (no ring)
MPRegen 0.13/turn    (no ring)
                     (no ring)

%: acrobat
@: beast-form, sleeping, flying, slowed, studying Shapeshifting
A: beast (slay +4), almost no armour, amphibious, 8 rings, camouflage 1,
gelatinous body 1, (nimble swimmer 1), tentacles, frail 1, cold vulnerability 1
a: Begin Untransformation, Renounce Religion, Shatter the Chains


You were on level 1 of the Lair of Beasts.
You worshipped Ashenzari.
Ashenzari was pleased with you.
You were a hulking beast.
You visited 3 branches of the dungeon, and saw 14 of its levels.
You also visited: Ossuary and Bailey.

You collected 759 gold pieces.
You spent 27 gold pieces at shops.

Inventory:

Missiles
 K - 2 throwing nets
Armour
 h - the cursed +3 buckler "Overhang to Understand" (worn) {Fort, Cun}
   (You found it on level 1 of the Dungeon)

   It has a curse which improves the following skills: Fortitude: Shields.
   Cunning:   Dodging and Stealth.
 i - the +0 hat of Amorality {rF+ rN+}
   (You acquired it on level 8 of the Dungeon)

   rF+:       It protects you from fire.
   rN+:       It protects you from negative energy.
 E - a +2 hat
   (You took it off Gastronok on level 10 of the Dungeon)
Jewellery
 f - a ring of protection from fire
   (You found it on level 10 of the Dungeon)
 l - a ring of fire
   (You found it on level 2 of the Dungeon)
 o - the cursed ring of the Gnostic Seeker (left tentacle) {rPois, Dev, Fort}
   (You found it on level 4 of the Dungeon)

   [ring of poison resistance]

   rPois:     It protects you from poison It has a curse which improves the
   following skills: Devices: Evocations and Shapeshifting.
   Fortitude: Shields.
 p - the cursed ring "All-seeing Seeker" (right tentacle) {AC+4, Bglg, Cun}
   (You found it on level 6 of the Dungeon)

   [ring of protection]

   AC+4:      It affects your AC (+4).
   It has a curse which improves the following skills: Beguiling: Conjurations,
   Hexes and Translocations.
   Cunning:   Dodging and Stealth.
 r - the ring of the Magpie (on tentacle) {Fly rElec Stlth+}
   (You acquired it on level 8 of the Dungeon)

   [ring of flight]

   rElec:     It insulates you from electricity.
   Fly:       It grants you flight.
   Stlth+:    It makes you more stealthy.
 y - an amulet of the acrobat (around mantle)
   (You found it on level 6 of the Dungeon)
 z - a +6 ring of dexterity (on tentacle)
   (You found it on level 8 of the Dungeon)
 G - a ring of wizardry
   (You found it on level 9 of the Dungeon)
 J - the cursed ring "Lashed Repose" (on tentacle) {rN+, Elem, Fort}
   (You found it on level 7 of the Dungeon)

   [ring of positive energy]

   rN+:       It protects you from negative energy.
   It has a curse which improves the following skills: Elements: Fire Magic, Ice
   Magic, Air Magic and Earth Magic.
   Fortitude: Shields.
Talismans
 b - a beast talisman
 c - a flux talisman
 H - a serpent talisman
   (You found it on level 9 of the Dungeon)
Wands
 w - a wand of charming (2)
   (You took it off Pikel on level 9 of the Dungeon)
 x - a wand of mindburst (18)
   (You found it on level 5 of the Dungeon)
 I - a wand of quicksilver (17)
   (You found it on level 10 of the Dungeon)
Scrolls
 a - a scroll of silence
 g - a scroll of vulnerability
 j - a scroll of torment
 k - a scroll of brand weapon
 s - 5 scrolls of immolation
 t - 8 scrolls of teleportation
 v - 3 scrolls of fog
 B - 4 scrolls of revelation
 D - 3 scrolls of enchant armour
Potions
 e - a potion of magic
 m - a potion of cancellation
 n - a potion of resistance
 q - 6 potions of curing
 u - 2 potions of enlightenment
 A - 3 potions of attraction
 C - 2 potions of brilliance
 F - a potion of invisibility


   Skills:
 + Level 10.4 Fighting
 + Level 10.0(11.7) Dodging
 - Level 5.0(7.2) Shields
 + Level 10.7 Unarmed Combat
 - Level 12.0(13.0) Shapeshifting


You had 11 spell levels left.
You didn't know any spells.
Your spell library was empty.

Dungeon Overview and Level Annotations

Branches:
Dungeon (12/15)            Temple (1/1) D:7            Lair (1/5) D:11
    Orc (0/2) D:9         Ossuary (visited)          Bailey (visited)

Altars:
Ashenzari
Cheibriados
Dithmenos
Elyvilon
Fedhas
Gozag
Hepliaklqana
Kikubaaqudgha
Makhleb
Nemelex Xobeh
Okawaru
Qazlal
Ru
Sif Muna
Trog
Uskayaw
Vehumet
Wu Jian
Xom
Yredelemnul
Zin
The Shining One

Shops:
D:8 *

Annotations:
D:11 3 runed translucent doors, Flugslaktarn's ghost, journeyman OpSh


Innate Abilities, Weirdness & Mutations

You are a hulking beast.
Your limbs bulge with bestial killing power. (Slay +4)
You cannot wear most types of armour.
You are amphibious.
You can wear up to eight rings at the same time.
Your skin changes colour to match your surroundings (Stealth+).
Your rubbery body absorbs attacks. (AC +1, EV +1)
((You are camouflaged when in or above water. (Stealth+)))
You have tentacles for arms and can constrict up to eight enemies at once.
You are frail. (-10% HP)
You are vulnerable to cold. (rC-)


Message History

The blink frog is severely wounded.
You constrict the blink frog. The blink frog closely misses you.
The blink frog blinks!
You bludgeon the blink frog!
You kill the blink frog!
You block the blink frog's attack. The blink frog completely misses you.
The blink frog blinks!
The blink frog blinks!
You block the blink frog's attack.
The komodo dragon hisses menacingly.
The blink frog hits you!
The blink frog attacks as it pursues you!
You block the blink frog's attack.
The blink frog attacks as it pursues you!
You block the blink frog's attack.
The blink frog blinks!
You tentacle-slap the blink frog. You grab the blink frog.
The blink frog is lightly wounded.
You constrict the blink frog.
The blink frog blinks!
The blink frog hits you but does no damage.
The blink frog blinks!
You tentacle-slap the komodo dragon but do no damage.
You squeeze the komodo dragon.
The komodo dragon is lightly wounded.
You constrict the blink frog. You block the blink frog's attack.
The komodo dragon bites you.
The blink frog struggles to blink free from constriction.
You tentacle-slap the komodo dragon but do no damage.
The komodo dragon is lightly wounded.
You constrict the blink frog.
The blink frog hits you but does no damage.
You block the komodo dragon's attack.
You bludgeon the komodo dragon! You squeeze the komodo dragon.
The komodo dragon is heavily wounded.
You constrict the blink frog.
The blink frog blinks!
You block the blink frog's attack.
You bludgeon the komodo dragon!
You squeeze the komodo dragon, but do no damage.
The komodo dragon is almost dead.
You constrict the blink frog. The komodo dragon closely misses you.
The blink frog hits you!
You bludgeon the komodo dragon!
You kill the komodo dragon!
You constrict the blink frog.
The blink frog blinks free!
Your base Dodging skill increases to level 10!
The blink frog blinks!
You block the blink frog's attack.
You bludgeon the blink frog! Your grab misses the blink frog.
Your squeeze misses the blink frog.
The blink frog is almost dead.
The blink frog blinks!
The blink frog closely misses you.
You tentacle-slap the blink frog.
You kill the blink frog!
The blink frog blinks!
No target in view!
No target in view!
No target in view!
No target in view!
No target in view!
No target in view!
No target in view!
No target in view!
No target in view!
The blink frog blinks!
The blink frog blinks!
You bludgeon the blink frog! You grab the blink frog.
You tentacle-slap the blink frog! You squeeze the blink frog!
You kill the blink frog!
No target in view!
No target in view!
No target in view!
No target in view!
No target in view!
No target in view!
No target in view!
You see here a +0 pair of gloves.
You see here a +0 pair of gloves.
Ashenzari invites you to partake of a vision and a curse of devices and fortitude.
Your ring of poison resistance glows black for a moment.
Ashenzari will now reveal the unseen.
Unknown command.
A - 3 potions of attraction (gained 1) Being near the torpor snail leaves you feeling lethargic.
A torpor snail is nearby!
A torpor snail is nearby!
A torpor snail is nearby!
A torpor snail is nearby!
Found a stone staircase leading down.
The dream sheep bleats!
You hear a bleat! x2; The dream sheep bleats!
The torpor snail completely misses you.
You completely miss the torpor snail. The torpor snail bites you!!
The dream sheep bleats!
You bludgeon the torpor snail! You tentacle-slap the torpor snail.
You squeeze the torpor snail!
The torpor snail is heavily wounded.
The torpor snail bites you!!
The dream sheep shake their wool and sparkle.
You feel drowsy...
You fall asleep.
The torpor snail bites you!!!
Ouch! That really hurt!
You die...

.....# ##....# ....
.....# #...####......
.....# #...........Y
.....# #.........Y.
.....# #...........
.....#####........Y##
...................##
...............wY...#
#...............h..###..
#...######..............
#...# #............>.
#...## #..............
#....#####..............
#.............#.....###.
..............##...##
...............#...#
....##.###....#....#


You could see a torpor snail and 4 dream sheep.

Vanquished Creatures
  Gastronok (D:10)
  Harold (D:10)
  A catoblepas (D:9)
  2 two-headed ogres (D:10)
  2 tengu warriors (D:10)
  A boulder beetle (D:11)
  Sonja (Lair:1)
  A skeletal warrior (D:9)
  Pikel (D:9)
  An ugly thing (D:10)
  A manticore (D:7)
  A torpor snail (Lair:1)
  A gargoyle (D:11)
  2 cane toads (Lair:1)
  An unseen horror (D:10)
  7 komodo dragons (Lair:1)
  A troll (D:11)
  A meliai (D:9)
  Grinder (D:6)
  7 blink frogs (Lair:1)
  2 shadows
  5 yaks
  A wyvern (D:11)
  A basilisk (D:9)
  2 acid dragons
  3 water moccasins
  A sky beast (D:8)
  An ice beast (D:6)
  3 orc warriors
  3 black bears
  3 ogres
  3 centaurs
  A phantom (D:5)
  3 kobold brigands
  A lemure (D:9)
  6 bullfrogs
  A gnoll sergeant (D:7)
  13 scorpions
  19 wights
  4 killer bees (D:8)
  2 wolf zombies (Bailey)
  A howler monkey (D:6)
  2 centaur zombies (Ossuary)
  9 orc priests
  7 hounds
  3 human zombies (Ossuary)
  3 jellies
  A gnoll bouda (D:8)
  A sleepcap (D:5)
  10 orc wizards
  4 scorpion zombies (Ossuary)
  3 mummies (Ossuary)
  15 gnolls
  2 adders (D:4)
  2 shadow imps
  2 white imps
  3 dart slugs
  34 orcs
  7 endoplasms
  6 giant cockroaches
  13 goblins
  5 hobgoblins
  16 kobolds
  8 quokkas
  6 ball pythons
  3 bats
  2 frilled lizards
  A gnoll zombie (Ossuary)
  5 goblin zombies (Ossuary)
  2 hobgoblin zombies (Ossuary)
  4 kobold zombies (Ossuary)
  8 orc zombies (Bailey)
  5 rats
306 creatures vanquished.

Notes
Turn   | Place    | Note
-------+----------+-------------------------------------------
     0 | D:1      | Flugslaktarn the Octopode Shapeshifter began the quest for
                  | the Orb.
     0 | D:1      | Reached XP level 1. HP: 13/13 MP: 1/1
   272 | D:1      | Reached XP level 2. HP: 18/18 MP: 2/2
   633 | D:1      | Reached XP level 3. HP: 23/23 MP: 3/3
  1571 | D:2      | Reached XP level 4. HP: 26/29 MP: 4/4
  1768 | D:3      | Reached skill level 4 in Shapeshifting
  1843 | D:3      | Reached XP level 5. HP: 27/35 MP: 5/5
  1947 | D:3      | Identified the +1 leather armour of Freedom {MP+9}
  2619 | D:3      | Found a sparkling altar of Nemelex Xobeh.
  2848 | D:4      | Reached XP level 6. HP: 38/41 MP: 6/6
  3187 | D:4      | Reached skill level 5 in Shapeshifting
  3316 | D:4      | HP: 2/42 [ogre/+0 giant club (15)]
  3857 | D:4      | Found an opulent altar of Gozag.
  4038 | D:4      | Reached XP level 7. HP: 30/46 MP: 7/7
  4143 | D:5      | Entered Level 5 of the Dungeon
  4213 | D:5      | Reached skill level 6 in Shapeshifting
  4264 | D:5      | Reached skill level 5 in Unarmed Combat
  4398 | D:5      | Reached XP level 8. HP: 51/54 MP: 8/8
  4556 | D:5      | Found a glowing silver altar of Zin.
  4923 | D:6      | Found a hide-covered altar of Uskayaw.
  4924 | D:6      | Found a shimmering altar of Xom.
  4926 | D:6      | Found a sacrificial altar of Ru.
  4926 | D:6      | Found an ancient bone altar of Kikubaaqudgha.
  4926 | D:6      | Found a bloodstained altar of Trog.
  4928 | D:6      | Found a shadowy altar of Dithmenos.
  4928 | D:6      | Found a blossoming altar of Fedhas.
  4934 | D:6      | Reached skill level 1 in Shields
  5045 | D:6      | Noticed Grinder
  5051 | D:6      | Killed Grinder
  5052 | D:6      | Reached skill level 5 in Fighting
  5052 | D:6      | Reached skill level 7 in Shapeshifting
  5351 | D:6      | Reached XP level 9. HP: 61/61 MP: 9/9
  5882 | D:7      | Found a staircase to the Ecumenical Temple.
  5892 | Temple   | Entered the Ecumenical Temple
  5897 | Temple   | Became a worshipper of Ashenzari the Shackled
  6002 | D:7      | Found a sand-covered staircase.
  6006 | Ossuary  | Entered an ossuary
  6077 | Ossuary  | Reached skill level 5 in Shields
  6607 | Ossuary  | Reached skill level 5 in Dodging
  6686 | Ossuary  | Gained mutation: You possess an exceptional clarity of
                  | mind. [potion of mutation]
  6686 | Ossuary  | Gained mutation: Your spells are a little harder to cast,
                  | but a little more powerful. [potion of mutation]
  6686 | Ossuary  | Gained mutation: You are clumsy. (Dex -2) [potion of
                  | mutation]
  6686 | Ossuary  | Gained mutation: One of your tentacles bears a spike.
                  | [potion of mutation]
  6689 | Ossuary  | Lost mutation: You possess an exceptional clarity of mind.
                  | [potion of mutation]
  6689 | Ossuary  | Lost mutation: Your spells are a little harder to cast, but
                  | a little more powerful. [potion of mutation]
  6689 | Ossuary  | Gained mutation: You are weak. (Str -2) [potion of
                  | mutation]
  6689 | Ossuary  | Gained mutation: You are vulnerable to cold. (rC-) [potion
                  | of mutation]
  6893 | D:7      | Noticed a manticore
  7191 | D:7      | Killed a manticore
  7192 | D:7      | Reached XP level 10. HP: 69/69 MP: 10/10
  8110 | D:7      | Found a staircase to the Ecumenical Temple.
  8594 | D:8      | Found a flagged portal.
  8650 | Bailey   | Entered a bailey
  9273 | D:8      | Found an iron altar of Okawaru.
  9342 | D:8      | Lost mutation: One of your tentacles bears a spike. [potion
                  | of mutation]
  9342 | D:8      | Lost mutation: You are weak. (Str -2) [potion of mutation]
  9342 | D:8      | Lost mutation: You are clumsy. (Dex -2) [potion of
                  | mutation]
  9342 | D:8      | Gained mutation: You are frail. (-10% HP) [potion of
                  | mutation]
  9534 | D:8      | Reached skill level 8 in Shapeshifting
  9645 | D:8      | Found Yjificewedy's Assorted Antiques.
  9713 | D:8      | Bought a scroll labelled LAUKIBR COFIU for 27 gold pieces
  9713 | D:8      | Identified 2 scrolls of acquirement
  9714 | D:8      | Acquired the ring of the Magpie {Fly rElec Stlth+}
  9715 | D:8      | Acquired the +0 hat of Amorality {rF+ rN+}
  9884 | D:9      | Noticed a catoblepas
 10079 | D:9      | Killed a catoblepas
 10293 | D:9      | Reached * piety under Ashenzari
 10322 | D:9      | Found a white marble altar of Elyvilon.
 10372 | D:9      | Noticed Pikel
 10390 | D:9      | Killed Pikel
 10391 | D:9      | Reached skill level 9 in Shapeshifting
 10391 | D:9      | Reached XP level 11. HP: 57/69 MP: 11/11
 10428 | D:9      | Found a staircase to the Orcish Mines.
 10633 | D:9      | Noticed a skeletal warrior
 10656 | D:9      | Killed a skeletal warrior
 10818 | D:9      | Found a basalt altar of Yredelemnul.
 10858 | D:10     | Entered Level 10 of the Dungeon
 10859 | D:10     | Noticed Harold
 10906 | D:10     | Noticed a two-headed ogre
 10923 | D:10     | Killed a two-headed ogre
 11095 | D:10     | Noticed a green ugly thing
 11105 | D:10     | Killed a green ugly thing
 11139 | D:10     | Noticed a two-headed ogre
 11149 | D:10     | Noticed Gastronok
 11149 | D:10     | Noticed a tengu warrior
 11155 | D:10     | Killed a two-headed ogre
 11156 | D:10     | Reached skill level 10 in Shapeshifting
 11276 | D:10     | Killed a tengu warrior
 11700 | D:9      | Found a basalt altar of Yredelemnul.
 11765 | D:9      | Found a white marble altar of Elyvilon.
 11836 | D:9      | Found a staircase to the Orcish Mines.
 12014 | D:10     | Killed Gastronok
 12084 | D:10     | Noticed a tengu warrior
 12879 | D:10     | Killed a tengu warrior
 13083 | D:10     | Killed Harold
 13084 | D:10     | Reached skill level 11 in Shapeshifting
 13084 | D:10     | Reached XP level 12. HP: 8/77 MP: 12/12
 13085 | D:10     | HP: 1/77 [something (4)]
 13477 | D:11     | Found a staircase to the Lair.
 13489 | D:11     | Noticed a boulder beetle
 13519 | D:11     | Killed a boulder beetle
 13783 | D:11     | Reached skill level 10 in Unarmed Combat
 14043 | D:11     | Found a runed translucent gate.
 14044 | D:11     | Found a runed translucent gate.
 14045 | D:11     | Found a runed translucent gate.
 14047 | D:11     | Noticed Flugslaktarn's ghost (journeyman OpSh)
 14468 | Lair:1   | Entered Level 1 of the Lair of Beasts
 15010 | Lair:1   | Reached skill level 10 in Fighting
 15397 | Lair:1   | Noticed Sonja
 15409 | Lair:1   | Killed Sonja
 15410 | Lair:1   | Reached skill level 12 in Shapeshifting
 15575 | Lair:1   | Reached skill level 10 in Dodging
 15715 | Lair:1   | Reached ** piety under Ashenzari
 15801 | Lair:1   | Slain by a torpor snail

Illustrated notes

Levels and vault maps discovered:
D:1:      nagdon_arrival_double_spiral, layout_loops_ring
D:2:      layout_basic
D:3:      layout_basic, nemelex_xobeh_ov_fountains_minmay, minmay_unequal
D:4:      layout_rooms, mainiacjoe_overflow_alcove_4, minmay_joined_circles
D:5:      layout_basic, marbit_many_paths, chequers_serial_rivers_micro_e
D:6:      layout_basic, grunt_temple_overflow_open, uniq_grinder
D:7:      layout_rooms, minmay_temple_entry_waves, enter_ossuary_5,
          nicolae_benzene_ring, columned_hall_lemuel, minmay_manual_moon
D:8:      layout_loops_corners, mainiacjoe_overflow_chevrons, serial_shops,
          nicolae_shop_trees, enter_bailey_5
D:9:      minmay_cornered_nines, layout_rooms, kennysheep_ying_yang,
          orc_0_dummy, uniq_pikel
D:10:     layout_rooms, chequers_serial_rivers_small_a, uniq_harold,
          uniq_gastronok
D:11:     layout_rooms, lair_entry_dummy, gammafunk_ghost_spectres,
          lemuel_nasty_fountain
D:12:     kennysheep_scales, layout_grid_maze, hangedman_decor_clover_reticule,
          the_hattery, uniq_kirke
Temple:   nicolae_temple_ecumenical_triangle
Lair:1:   layout_small_grid, beast_lair_carwin_1, uniq_sonja

Skill      XL: |  1  2  3  4  5  6  7  8  9 10 11 12 |
---------------+-------------------------------------+-----
Fighting       | 2 3 4 5 6 8 9 10 | 10.4
Shapeshifting  | 4 5 6 7 9 11 12 | 12.0
Unarmed Combat | 4 5 6 7 8 9 10 | 10.7
Shields        | 2 5 |  5.0
Dodging        | 3 6 7 9 10 | 10.0

Action                     |  1- 3 |  4- 6 |  7- 9 | 10-12 || total
---------------------------+-------+-------+-------+-------++-------
  Melee: Unarmed           |    60 |   128 |   212 |   469 ||   869
         Tentacles         |    11 |    32 |    61 |   143 ||   247
         Constrict         |    17 |    27 |    52 |    82 ||   178
         Punch             |     3 |     1 |    20 |    50 ||    74
         Kick              |       |       |     3 |    46 ||    49
 Invoke: Curse Item        |       |       |       |     4 ||     4
  Evoke: Wand              |       |       |       |     4 ||     4
    Use: Scroll            |       |     6 |     9 |     9 ||    24
         Potion            |       |       |     5 |    12 ||    17
   Stab: Sleeping          |     5 |     4 |     9 |    10 ||    28
         Distracted        |       |       |       |     1 ||     1
         Invisible         |       |       |       |     4 ||     4
 Armour: Skin              |    16 |    62 |    90 |   187 ||   355
  Dodge: Dodged            |    19 |    61 |   103 |   293 ||   476
  Block: Buckler           |    10 |    47 |    65 |   194 ||   316

Table legend: (Time is in decaauts)
 A = Elapsed time spent in this place.
 B = Non-inter-level travel time spent in this place.
 C = Inter-level travel time spent in this place.
 D = Time resting spent in this place.
 E = Time spent auto-exploring this place.
 F = Levels seen in this place.
 G = Mean time per level.
                   A        B        C        D        E       F      G
               +--------+--------+--------+--------+--------+-----+--------+
         Total |  15765 |  15270 |    495 |   3371 |   9389 |  16 |  985.3 |
       Dungeon |  13552 |  13058 |    494 |   2934 |   8101 |  12 | 1129.3 |
        Temple |     10 |     10 |      0 |      0 |      0 |   1 |   10.0 |
          Lair |   1331 |   1331 |      0 |    431 |    657 |   1 | 1331.0 |
       Ossuary |    711 |    711 |      0 |      6 |    526 |   1 |  711.0 |
        Bailey |    159 |    159 |      0 |      0 |    105 |   1 |  159.0 |
               +--------+--------+--------+--------+--------+-----+--------+

Top non-repeatable levels by time:
     D:9: 2299 daAuts
     D:7: 1987 daAuts
     D:3: 1563 daAuts
  Lair:1: 1331 daAuts
    D:10: 1280 daAuts
     D:8: 1184 daAuts
     D:6: 969 daAuts
     D:2: 935 daAuts
    D:11: 912 daAuts
     D:4: 882 daAuts
     D:1: 760 daAuts
     D:5: 752 daAuts
 Ossuary: 711 daAuts
  Bailey: 159 daAuts
    D:12: 25 daAuts
